 Dungeon Crawl Stone Soup version 0.27-a0-291-gd9602db6ee (webtiles) character file.

Game seed: 16397118527662723577

246 HoaS the Twirler (level 6, -3/35 HPs)
             Began as a Gargoyle Gladiator on Feb 9, 2021.
             Slain by an ogre
             ... wielding a +0 giant club
              (11 damage)
             ... on level 4 of the Dungeon.
             The game lasted 00:05:00 (3062 turns).

HoaS the Twirler (Gargoyle Gladiator)               Turns: 3062, Time: 00:05:00

Health: -3/35      AC: 16    Str: 20    XL:     6   Next: 11%
Magic:  6/6        EV: 10    Int:  8    God:
Gold:   215        SH:  0    Dex: 11    Spells: 5/5 levels left

rFire    . . .     SeeInvis .   a - +1 quarterstaff
rCold    . . .     Faith    .   (shield currently unavailable)
rNeg     + . .     Spirit   .   l - +0 scale mail
rPois    ∞         Reflect  .   c - +1 helmet
rElec    +         Harm     .   (no cloak)
rCorr    .         Rampage  .   (no gloves)
Will     .....                  (no boots)
Stlth    ..........             e - amulet of the acrobat
HPRegen  0.11/turn              h - +4 ring of protection
MPRegen  0.10/turn              (no ring)

@: no status effects
A: negative energy resistance 1, electricity resistance, unbreathing,
petrification resistance, miasma immunity, AC +4
a: no special abilities


You were on level 4 of the Dungeon.
You visited 1 branch of the dungeon, and saw 4 of its levels.

You collected 215 gold pieces.

Inventory:

Hand Weapons
 a - a +1 quarterstaff (weapon)
Missiles
 f - 23 arrows
 s - 10 poisoned darts (quivered)
Armour
 c - a +1 helmet (worn)
 l - a +0 scale mail (worn)
Jewellery
 e - an amulet of the acrobat (around neck)
 h - a +4 ring of protection (left hand)
 i - an uncursed ring of flight
Scrolls
 g - 3 scrolls of remove curse
 n - 2 scrolls of teleportation
 p - a scroll of identify
 t - a scroll of enchant weapon
Potions
 b - 2 potions of mutation {unknown}
 j - a potion of degeneration {unknown}
 k - 2 potions of might {unknown}
 m - a potion of curing {unknown}
 o - a potion of heal wounds {unknown}
 u - a potion of brilliance {unknown}


   Skills:
 - Level 2.1 Fighting
 + Level 6.6 Staves
 - Level 1.7 Throwing
 - Level 2.4 Dodging


You had 5 spell levels left.
You didn't know any spells.
Your spell library was empty.

Dungeon Overview and Level Annotations

Branches:
Dungeon (4/15)
 Temple: D:4-7

Altars:
Dithmenos
Ru
Uskayaw
Yredelemnul
Zin


Innate Abilities, Weirdness & Mutations

You are resistant to torment.
Your stone body is resilient. (AC +4)
You are immune to poison.
You resist negative energy. (rN+)
You are resistant to electric shocks. (rElec)
You can survive without breathing.
You are immune to petrification.
You are immune to miasma.


Message History

The ogre hits you with a +0 giant club!
You barely miss the ogre.
The ogre is moderately wounded.
The ogre hits you with a +0 giant club!
* * * LOW HITPOINT WARNING * * *
You are too injured to fight recklessly!
You are too injured to fight recklessly!
You are too injured to fight recklessly!
Throw: 2 throwing nets
Press: ? - help, Shift-Dir - straight line, f - ogre
Aim: an ogre, wielding a +0 giant club (moderately wounded, 72% to hit)
You throw a throwing net.
The throwing net barely misses the ogre.
Throw: throwing net
Press: ? - help, Shift-Dir - straight line, f/p - ogre
Aim: an ogre, wielding a +0 giant club (moderately wounded, 72% to hit)
You throw a throwing net.
The throwing net barely misses the ogre.
The ogre hits you with a +0 giant club!
You die...

#### #...########
.#........######
####O#.##.#..(......
.######..@.#....##.>#####.
........#######.###.....#
.######....#....##..###.#
...........#.##.#.#.###.##
.#########.#.....##.......
#...######..##### ##.##
##...## #.# #...#.###
#.######........


You could see an ogre.

Vanquished Creatures
  An ogre (D:3)
  Terence (D:2)
  Robin (D:2)
  5 adders
  An ooze (D:3)
  2 worms (D:2)
  A leopard gecko (D:1)
  11 orcs (D:3)
  A ball python (D:1)
  5 bats
  3 giant cockroaches
  12 goblins
  10 hobgoblins
  3 jackals
  4 kobolds
  2 frilled lizards
  3 rats
66 creatures vanquished.

Notes
Turn   | Place    | Note
-------+----------+-------------------------------------------
     0 | D:1      | HoaS the Gargoyle Gladiator began the quest for the Orb.
     0 | D:1      | Reached XP level 1. HP: 12/12 MP: 1/1
    95 | D:1      | Reached XP level 2. HP: 12/17 MP: 2/2
   930 | D:2      | Reached skill level 4 in Staves
   930 | D:2      | Reached XP level 3. HP: 15/21 MP: 3/3
   975 | D:2      | Noticed Terence
   982 | D:2      | Killed Terence
  1030 | D:2      | Found a hide-covered altar of Uskayaw.
  1031 | D:2      | Found a glowing silver altar of Zin.
  1032 | D:2      | Found a basalt altar of Yredelemnul.
  1151 | D:2      | Noticed Robin
  1161 | D:2      | Killed Robin
  1162 | D:2      | Reached XP level 4. HP: 19/26 MP: 4/4
  1173 | D:2      | Reached skill level 5 in Staves
  2183 | D:3      | Reached XP level 5. HP: 30/30 MP: 5/5
  2399 | D:3      | Found a shadowy altar of Dithmenos.
  2558 | D:3      | Found a sacrificial altar of Ru.
  2744 | D:3      | Found a faded altar of an unknown god.
  2905 | D:3      | Reached skill level 6 in Staves
  2954 | D:4      | Noticed an ogre
  2972 | D:3      | Killed an ogre
  2973 | D:3      | Reached XP level 6. HP: 35/35 MP: 6/6
  3062 | D:4      | Slain by an ogre

Illustrated notes

Levels and vault maps discovered:
D:1:      dpeg_arrival_rooms_with_view, layout_basic, eino_curves_03,
          fountainhead
D:2:      minmay_chambers_of_ones, layout_basic, grunt_temple_overflow_open,
          uniq_robin, uniq_terence
D:3:      layout_loops_ring, nicolae_ru_awakened_eye,
          chequers_ecumenical_altar_grove, portal_sewer_entry_d,
          nicolae_dithmenos_shadow_blocks
D:4:      layout_loops_ring

Skill      XL: |  1  2  3  4  5 |
---------------+----------------+-----
Staves         | 4 5 6 |  6.6
Fighting       | |  2.1
Throwing       | |  1.7
Dodging        | |  2.4

Action                   |  1- 3 |  4- 6 || total
-------------------------+-------+-------++-------
Melee: Quarterstaff      |    55 |   141 ||   196
Throw: Throwing net      |       |     3 ||     3
  Use: Scroll            |     6 |     3 ||     9
Armor: Leather armour    |     8 |       ||     8
       Scale mail        |    14 |    72 ||    86
Dodge: Dodged            |    44 |   112 ||   156

Table legend: (Time is in decaauts)
 A = Elapsed time spent in this place.
 B = Non-inter-level travel time spent in this place.
 C = Inter-level travel time spent in this place.
 D = Time resting spent in this place.
 E = Time spent auto-exploring this place.
 F = Levels seen in this place.
 G = Mean time per level.
                   A        B        C        D        E       F      G
               +--------+--------+--------+--------+--------+-----+--------+
         Total |   3080 |   2944 |    136 |    438 |   2034 |   4 |  770.0 |
       Dungeon |   3080 |   2944 |    136 |    438 |   2034 |   4 |  770.0 |
               +--------+--------+--------+--------+--------+-----+--------+

Top non-repeatable levels by time:
     D:2: 1376 daAuts
     D:3: 871 daAuts
     D:1: 749 daAuts
     D:4: 83 daAuts
